 Dungeon Crawl Stone Soup version 0.29.1-2-gbd0b4ee654 (webtiles) character file.

Game seed: 1187830036251560470

56 xian the Stinger (level 3, -2/24 HPs)
             Began as a Demonspawn Venom Mage on Oct 24, 2022.
             Slain by a hobgoblin (3 damage)
             ... led by Robin
             ... on level 2 of the Dungeon.
             The game lasted 00:06:23 (2524 turns).

xian the Stinger (Demonspawn Venom Mage)            Turns: 2524, Time: 00:06:23

Health: -2/24      AC:  3    Str:  8    XL:     3   Next: 71%
Magic:  4/6        EV: 12    Int: 18    God:
Gold:   121        SH:  0    Dex: 13    Spells: 3/6 levels left

rFire   . . .      SeeInvis +   d - +0 short sword
rCold   . . .      Faith    .   (no shield)
rNeg    . . .      Spirit   .   a - +0 robe
rPois   .          Reflect  .   (no helmet)
rElec   .          Harm     .   (no cloak)
rCorr   .          Rampage  .   (no gloves)
Will    .....                   (no boots)
Stlth   ++........              (no amulet)
HPRegen 0.08/turn               k - ring of see invisible
MPRegen 0.10/turn               (no ring)

@: about to teleport
A: claws 1, rugged brown scales 1
a: no special abilities


You were on level 2 of the Dungeon.
You visited 1 branch of the dungeon, and saw 2 of its levels.

You collected 121 gold pieces.

Inventory:

Hand Weapons
 d - a +0 short sword (weapon)
Armour
 a - a +0 robe (worn)
Jewellery
 k - a ring of see invisible (left claw)
Scrolls
 f - 2 scrolls of poison
 g - a scroll of noise
 h - a scroll of magic mapping {unknown}
Potions
 b - a potion of magic
 e - a potion of curing {unknown}
 i - 2 potions of degeneration {unknown}
 l - a potion of heal wounds {unknown}
 m - a potion of invisibility {unknown}
 n - a potion of brilliance {unknown}


   Skills:
 + Level 0.5 Short Blades
 + Level 2.0 Dodging
 + Level 2.1 Stealth
 + Level 2.3 Spellcasting
 + Level 1.7 Transmutations
 + Level 3.6 Poison Magic


You had 3 spell levels left.
You knew the following spells:

 Your Spells              Type           Power      Damage    Failure   Level
a - Sting                 Tmut/Pois      44%        1d5       6%          1
b - Poisonous Vapours     Pois/Air       16%        N/A       13%         2

Your spell library contained the following spells:

 Spells                   Type           Power      Damage    Failure   Level
 Mephitic Cloud           Conj/Pois/Air  6%         N/A       32%         3
 Olgreb's Toxic Radiance  Pois           15%        N/A       36%         4


Dungeon Overview and Level Annotations

Branches:
Dungeon (2/15)

Altars:

Annotations:
D:2 Robin


Innate Abilities, Weirdness & Mutations

You have sharp fingernails.
You are partially covered in rugged brown scales. (AC +1, +3% HP)


Message History

Robin throws the goblin at you! The goblin hits you with a +0 club.
The goblin hits you with a +0 club.
Your magical contamination has completely faded away.
The hobgoblin attacks as you move away! The hobgoblin misses you.
The goblin hits you but does no damage.
Robin's horned helmet rattles.
The goblin attacks as you move away! The goblin closely misses you.
The goblin hits you with a +0 club.
* * * LOW HITPOINT WARNING * * *
You see here a +0 ring mail.
The goblin attacks as you move away! The goblin hits you but does no damage.
The hobgoblin attacks as you move away! The hobgoblin hits you.
* * * LOW HITPOINT WARNING * * *
As you read the scroll labelled ERIERCH NOMPE, it crumbles to dust.
You hear a loud clanging noise!
It was a scroll of noise.
You hear a shout! x3
The goblin barely misses you.
As you read the scroll labelled HAZ WUOZOI, it crumbles to dust.
It is a scroll of identify.
f - 2 scrolls of poison The goblin barely misses you.
The hobgoblin barely misses you.
A goblin comes into view. It is wielding a +0 club.
Aiming: Sting (safe; 6% risk of failure)
Press: ? - help, Q - select action, (/) - cycle Shift-Dir - straight line, f/p - goblin
Aim: a goblin, wielding a +0 club (64% to hit)
Okay, then.
As you read the scroll of identify, it crumbles to dust.
j - a scroll of teleportation The goblin hits you with a +0 club.
* * * LOW HITPOINT WARNING * * *
The hobgoblin barely misses you.
Robin roars a battlecry!
The goblins go into a battle-frenzy!
As you read the scroll of teleportation, it crumbles to dust.
You feel strangely unstable. The goblin hits you with a +0 club.
* * * LOW HITPOINT WARNING * * *
A goblin comes into view. It is wielding a +0 club.
The hobgoblin hits you.
You die...

.# #.......# ...####### #...#...#
#.#.....## #...#...# #........##
#........ . #.........######
#........ ..##.........#....#
#.).....#
...........g#....####.#.....#
#...g....[gg....##...#.###.#
##..#.....#@.......###......
##.#g#)#g##...#### ###....
#.⌠.###.⌠.##..### ##... ##.
####.#.#g#.####...## ##>..
#..gg#.#g###.#.#.#.#....#####....
#.⌠)###)⌠.###.⌠.#.#..........
.....#.###.#.#.#.#.#..#..........
##. ####.###.#.####.#...........
#.⌠.###.⌠.##..............


You could see Robin, a hobgoblin (strong) and 4 goblins.

Vanquished Creatures
  An adder (D:2)
  3 bats
  5 endoplasms (D:1)
  2 giant cockroaches
  5 goblins
  8 hobgoblins
  6 ball pythons
  A frilled lizard (D:1)
  6 kobolds
  4 rats (D:1)
41 creatures vanquished.

Notes
Turn   | Place    | Note
-------+----------+-------------------------------------------
     0 | D:1      | xian the Demonspawn Venom Mage began the quest for the Orb.
     0 | D:1      | Reached XP level 1. HP: 13/13 MP: 3/3
   600 | D:1      | Gained mutation: You have sharp fingernails. [demonic
                  | ancestry]
   600 | D:1      | Reached XP level 2. HP: 19/19 MP: 0/5
   980 | D:1      | Reached skill level 1 in Transmutations
  1508 | D:1      | Learned a level 2 spell: Poisonous Vapours
  1575 | D:1      | Gained mutation: You are partially covered in rugged brown
                  | scales. (AC +1, +3% HP) [demonic ancestry]
  1575 | D:1      | Reached XP level 3. HP: 19/24 MP: 3/6
  2155 | D:2      | Identified the +6 falchion "Gowkon" {holy, rPois}
  2239 | D:2      | Found a faded altar of an unknown god.
  2508 | D:2      | Noticed Robin
  2524 | D:2      | HP: 1/24 [goblin/+0 club[Robin] (1)]
  2524 | D:2      | Slain by a hobgoblin

Illustrated notes

Levels and vault maps discovered:
D:1:      dpeg_arrival_tiny_d, layout_basic, minmay_misc_feat_diagonals,
          minmay_pentomino_p4
D:2:      layout_rooms, hellmonk_ecumenical_altar_lost_god,
          grunt_decor_mini_mirrors, grunt_decor_fettered,
          kennysheep_flooded_box, uniq_robin

Skill      XL: |  1  2 |
---------------+-------+-----
Stealth        | 2 |  2.1
Transmutations | 1 |  1.7
Dodging        | 2 |  2.0
Short Blades   | |  0.5
Spellcasting   | |  2.3
Poison Magic   | |  3.6

Action                   || total
-------------------------++-------
Melee: Unarmed           ||    13
       Short sword       ||    38
 Cast: Sting             ||    77
  Use: Scroll            ||     4
Armor: Robe              ||    18
Dodge: Dodged            ||    61
